 Dungeon Crawl Stone Soup version 0.28.0-53-g5a82cb258f (webtiles) character file.

Game seed: 17161345743786925004

6038 cbfl8 the Cleaver (level 10, -15/79 HPs)
             Began as a Demonspawn Berserker on Sept 8, 2022.
             Was an Elder of Trog.
             Demolished by a boulder beetle (25 damage)
             ... on level 8 of the Dungeon.
             The game lasted 00:08:50 (9952 turns).

cbfl8 the Cleaver (Demonspawn Berserker)            Turns: 9952, Time: 00:08:50

Health: -15/79     AC: 13    Str: 18    XL:     10   Next: 56%
Magic:  10/10      EV:  9    Int:  9    God:    Trog [****..]
Gold:   487        SH:  0    Dex: 18    Spells: 9/9 levels left

rFire   + . .      SeeInvis +   k - +0 war axe
rCold   + . .      Faith    .   (no shield)
rNeg    . . .      Spirit   .   f - +0 chain mail
rPois   .          Reflect  .   n - +0 helmet
rElec   .          Harm     .   C - scarf {rC+ rF+}
rCorr   .          Rampage  .   d - +1 pair of gloves
Will    +....                   (no boots)
Stlth   ..........              (no amulet)
HPRegen 0.23/turn               g - ring of willpower
MPRegen 0.12/turn               x - ring of see invisible

@: no status effects
A: hooves 2, thin skeletal structure 1, spiny 2
a: Renounce Religion, Berserk, Trog's Hand, Brothers in Arms


You were on level 8 of the Dungeon.
You worshipped Trog.
Trog was greatly pleased with you.
You visited 1 branch of the dungeon, and saw 10 of its levels.

You collected 487 gold pieces.

Inventory:

Hand Weapons
 k - a +0 war axe (weapon)
Armour
 d - a +1 pair of gloves (worn)
 f - a +0 chain mail (worn)
 n - a +0 helmet (worn)
 C - a scarf of resistance (worn)
Jewellery
 g - a ring of willpower (left hand)
 l - a ring of resist corrosion
 w - a ring of fire
 x - a ring of see invisible (right hand)
Wands
 c - a wand of acid (6) (quivered)
Scrolls
 a - 3 scrolls of immolation
 b - a scroll of silence
 e - 3 scrolls of blinking {unknown}
 j - 2 scrolls of enchant armour
 m - a scroll of holy word {unknown}
 p - a scroll of noise
 s - a scroll of brand weapon {unknown}
 z - 2 scrolls of fog
 B - 3 scrolls of fear {unknown}
Potions
 h - 4 potions of attraction
 i - a potion of brilliance {unknown}
 o - a potion of magic {unknown}
 q - 2 potions of heal wounds {unknown}
 r - 2 potions of mutation {unknown}
 u - a potion of haste {unknown}
 v - 5 potions of might
 A - 2 potions of lignification {unknown}


   Skills:
 * Level 7.3 Fighting
 * Level 10.4 Axes
 + Level 4.9 Armour
 * Level 5.3 Dodging
 + Level 2.5 Stealth
 * Level 5.0 Evocations


You had 9 spell levels left.
You didn't know any spells.
Your spell library was empty.

Dungeon Overview and Level Annotations

Branches:
Dungeon (10/15)            Temple (0/1) D:4
   Lair: D:8-11         Orc: D:9-12

Altars:


Innate Abilities, Weirdness & Mutations

You have hoof-like feet.
You have a somewhat thin skeletal structure. (Dex +2, Stealth+)
You are mostly covered in sharp spines.


Message History

Okay, then.
Aiming: Corrosive Bolt
Press: ? - help, Q - select action, (/) - cycle Shift-Dir - straight line, f - boulder beetle
Aim: a boulder beetle (lightly wounded, 100% to hit)
The bolt of acid hits the boulder beetle.
The acid corrodes the boulder beetle!
The boulder beetle is moderately wounded.
The boulder beetle bites you!
* * * LOW HITPOINT WARNING * * *
Aiming: Corrosive Bolt
Press: ? - help, Q - select action, (/) - cycle Shift-Dir - straight line, f/p - boulder beetle
Aim: a boulder beetle (moderately wounded, covered in acid, 100% to hit)
The bolt of acid hits the boulder beetle.
The boulder beetle is moderately wounded.
The boulder beetle is struck by your spines.
The boulder beetle closely misses you.
Aiming: Corrosive Bolt
Press: ? - help, Q - select action, (/) - cycle Shift-Dir - straight line, f/p - boulder beetle
Aim: a boulder beetle (moderately wounded, covered in acid, 100% to hit)
The bolt of acid hits the boulder beetle!
The boulder beetle is heavily wounded.
The boulder beetle bites you.
* * * LOW HITPOINT WARNING * * *
Aiming: Corrosive Bolt
Press: ? - help, Q - select action, (/) - cycle Shift-Dir - straight line, f/p - boulder beetle
Aim: a boulder beetle (heavily wounded, covered in acid, 100% to hit)
The bolt of acid hits the boulder beetle!
The boulder beetle seems to be corroded for longer.
The boulder beetle is severely wounded.
You hear an angry hiss.
The boulder beetle is struck by your spines.
The boulder beetle bites you but does no damage.
Aiming: Corrosive Bolt
Press: ? - help, Q - select action, (/) - cycle Shift-Dir - straight line, f/p - boulder beetle
Aim: a boulder beetle (severely wounded, covered in acid, 100% to hit)
The bolt of acid hits the boulder beetle!
The boulder beetle seems to be corroded for longer.
The boulder beetle is almost dead.
The boulder beetle bites you!!
You die...

#.......#...##.....###
#.......'...##......#.
#.......#...####......
##.....##...# #######. #
##...###...###...###.
#.####### #...##.....##.
#..:...####...#)......#.
#......##...'†......#.
#..B@.##...#)......#.
#......#...##.....##.
###....)...###...###.
########## ########
#...... #.##### #.# #.#
#.#


You could see a boulder beetle (corroded).

Vanquished Creatures
  A centaur zombie (D:7)
  An unseen horror (D:10)
  3 kobold demonologists (D:10)
  Psyche (D:8)
  A hornet (D:8)
  A slime creature (D:8)
  A wyvern (D:9)
  Eustachio (D:5)
  Menkaure (D:7)
  An acid dragon (D:9)
  3 water moccasins
  2 orc warriors
  6 sky beasts
  A black bear (D:8)
  A necrophage (D:2)
  6 ogres
  5 centaurs
  A kobold brigand (D:10)
  3 bullfrogs
  A gnoll sergeant (D:5)
  A wyvern zombie (D:6)
  A scorpion (D:5)
  A killer bee (D:8)
  2 howler monkeys
  A hound (D:5)
  A bullfrog zombie (D:5)
  A gnoll shaman (D:5)
  A jelly (D:4)
  2 orc priests
  Ijyb (D:5)
  2 bullfrog skeletons
  2 iguanas (D:6)
  Natasha (twice) (D:3)
  6 orc wizards
  A hound skeleton (D:4)
  A howler monkey zombie (D:8)
  Robin (D:2)
  3 adders
  6 gnolls (D:5)
  A white imp (D:5)
  An ufetubus (D:5)
  2 adder skeletons (D:4)
  3 worms (D:2)
  3 dart slugs
  22 orcs
  12 bats
  3 endoplasms
  6 giant cockroaches
  11 goblins
  15 hobgoblins
  2 jackals (D:2)
  19 kobolds
  5 quokkas
  5 ball pythons
  2 frilled lizards
  5 rats
194 creatures vanquished.

Vanquished Creatures (others)
  A plant (D:2)
1 creature vanquished.

Grand Total: 195 creatures vanquished

Notes
Turn   | Place    | Note
-------+----------+-------------------------------------------
     0 | D:1      | cbfl8 the Demonspawn Berserker began the quest for the Orb.
     0 | D:1      | Reached XP level 1. HP: 18/18 MP: 1/1
   163 | D:1      | Gained mutation: You have a somewhat thin skeletal
                  | structure. (Dex +2, Stealth+) [demonic ancestry]
   163 | D:1      | Reached XP level 2. HP: 22/24 MP: 2/2
   270 | D:1      | Reached skill level 3 in Axes
   830 | D:1      | Reached ** piety under Trog
   876 | D:1      | Gained mutation: You have large cloven feet. [demonic
                  | ancestry]
   876 | D:1      | Reached XP level 3. HP: 29/29 MP: 3/3
  1415 | D:2      | Noticed a necrophage
  1426 | D:2      | Killed a necrophage
  1427 | D:2      | Reached skill level 1 in Evocations
  1427 | D:2      | Gained mutation: You have hoof-like feet. [demonic
                  | ancestry]
  1427 | D:2      | Reached XP level 4. HP: 29/37 MP: 4/4
  1530 | D:2      | Gained mutation: You are partially covered in sharp spines.
                  | [demonic ancestry]
  1530 | D:2      | Reached XP level 5. HP: 41/42 MP: 5/5
  1765 | D:2      | Found a faded altar of an unknown god.
  1806 | D:2      | Noticed Robin
  1812 | D:2      | Reached *** piety under Trog
  1814 | D:2      | Reached skill level 4 in Axes
  1819 | D:2      | Killed Robin
  2858 | D:3      | Reached skill level 1 in Stealth
  2889 | D:3      | Noticed Natasha
  2896 | D:3      | Killed Natasha
  2952 | D:3      | Noticed Natasha
  2957 | D:3      | Killed Natasha
  3051 | D:3      | Noticed a sky beast
  3061 | D:3      | Killed a sky beast
  3062 | D:3      | Reached XP level 6. HP: 45/48 MP: 6/6
  3241 | D:4      | Identified the +8 spear of Vanity {speed, rN++ Int+4
                  | Stlth+}
  3286 | D:4      | Reached skill level 5 in Axes
  3916 | D:4      | Found a staircase to the Ecumenical Temple.
  4367 | D:5      | Entered Level 5 of the Dungeon
  4371 | D:5      | Noticed Ijyb
  4382 | D:5      | Killed Ijyb
  4383 | D:5      | Reached XP level 7. HP: 40/54 MP: 7/7
  4627 | D:5      | Reached skill level 6 in Axes
  4662 | D:5      | Reached XP level 8. HP: 45/61 MP: 8/8
  4965 | D:5      | Reached **** piety under Trog
  5183 | D:5      | Reached skill level 5 in Fighting
  5196 | D:5      | Reached skill level 7 in Axes
  5404 | D:5      | Noticed Eustachio
  5413 | D:5      | Killed Eustachio
  6222 | D:6      | Reached XP level 9. HP: 38/68 MP: 9/9
  6377 | D:6      | Reached skill level 8 in Axes
  7364 | D:7      | Noticed Menkaure
  7370 | D:7      | Killed Menkaure
  7682 | D:7      | You fall into a shaft and drop 3 floors!
  7682 | D:10     | Entered Level 10 of the Dungeon
  7867 | D:10     | Noticed a kobold demonologist
  7871 | D:10     | Reached skill level 9 in Axes
  7871 | D:10     | Noticed a kobold demonologist
  7875 | D:10     | Noticed a kobold demonologist
  7876 | D:10     | Noticed a red devil
  7878 | D:10     | Noticed a smoke demon
  7878 | D:10     | Killed a kobold demonologist
  7884 | D:10     | Killed a kobold demonologist
  7886 | D:10     | Killed a kobold demonologist
  7887 | D:10     | Gained mutation: You are mostly covered in sharp spines.
                  | [demonic ancestry]
  7887 | D:10     | Reached XP level 10. HP: 77/77 MP: 10/10
  8330 | D:9      | Reached skill level 5 in Dodging
  8963 | D:8      | Paralysed by a hornet for 1 turns
  8965 | D:8      | Reached skill level 10 in Axes
  9332 | D:8      | Noticed Psyche
  9338 | D:8      | Killed Psyche
  9339 | D:8      | Reached skill level 5 in Evocations
  9944 | D:8      | Noticed a boulder beetle
  9952 | D:8      | Demolished by a boulder beetle

Illustrated notes

Levels and vault maps discovered:
D:1:      onia_arrival_pyramid, layout_basic, serial_park_tiny_pond,
          minmay_hexomino_p4
D:2:      layout_basic, ebering_ecumenical_altar_sacrificial,
          chequers_serial_rivers_large_a, serial_bayou_pond_a,
          grunt_ministairs_4, uniq_robin
D:3:      layout_basic, uniq_natasha
D:4:      layout_basic, minmay_temple_entry_antechambers
D:5:      nicolae_cairo_tiling_large, layout_rooms, uniq_ijyb, uniq_eustachio
D:6:      layout_basic
D:7:      layout_gridville, kennysheep_generic_room_10, uniq_menkaure
D:8:      minmay_opposing_rooms, layout_basic, lemuel_old_faithful, uniq_psyche
D:9:      layout_stronghold, mainiacjoe_overflow_alcove_4, orc_0_dummy
D:10:     layout_irregular_city

Skill      XL: |  1  2  3  4  5  6  7  8  9 10 |
---------------+-------------------------------+-----
Axes           | 3 4 5 6 7 9 10 | 10.4
Dodging        | 2 3 4 5 |  5.3
Evocations     | 1 2 3 4 5 |  5.0
Armour         | 2 3 4 |  4.9
Stealth        | 1 2 |  2.5
Fighting       | 4 5 6 7 |  7.3

Action                   |  1- 3 |  4- 6 |  7- 9 | 10-12 || total
-------------------------+-------+-------+-------+-------++-------
Melee: Hand axe          |    99 |    15 |       |       ||   114
       Kick              |     3 |    36 |    57 |    20 ||   116
       Punch             |     1 |     2 |     2 |     1 ||     6
       War axe           |       |   102 |   174 |    57 ||   333
Invok: Berserk           |       |     1 |     3 |       ||     4
Evoke: Wand              |       |       |       |     5 ||     5
  Use: Potion            |       |       |     4 |       ||     4
       Scroll            |       |       |       |     6 ||     6
 Stab: Sleeping          |     4 |     4 |     3 |       ||    11
Armor: Animal skin       |    38 |       |       |       ||    38
       Ring mail         |     3 |    34 |       |       ||    37
       Scale mail        |       |     4 |    39 |       ||    43
       Chain mail        |       |       |    77 |    40 ||   117
Dodge: Dodged            |    83 |    59 |    79 |    32 ||   253
